 Dungeon Crawl Stone Soup version 0.28.0-53-g5a82cb258f (webtiles) character file.

Game seed: 12821797564266486532

45 Peloso the Covered (level 3, -5/33 HPs)
             Began as a Minotaur Fighter on June 26, 2022.
             Slain by a gnoll
             ... wielding a +0 flail
              (6 damage)
             ... on level 2 of the Dungeon.
             The game lasted 00:01:38 (817 turns).

Peloso the Covered (Minotaur Fighter)                Turns: 817, Time: 00:01:38

Health: -5/33      AC:  7    Str: 19 (20) XL:     3   Next: 42%
Magic:  2/2        EV:  9    Int:  3 (5)  God:
Gold:   47         SH:  4    Dex: 10 (11) Spells: 2/2 levels left

rFire   . . .      SeeInvis .   a - +0 long sword (vorpal)
rCold   . . .      Faith    .   c - +0 buckler
rNeg    . . .      Spirit   .   b - +0 scale mail
rPois   .          Reflect  .   (helmet restricted)
rElec   .          Harm     .   (no cloak)
rCorr   .          Rampage  .   (no gloves)
Will    .....                   (no boots)
Stlth   ..........              (no amulet)
HPRegen 0.11/turn               (no ring)
MPRegen 0.08/turn               (no ring)

@: no status effects
A: horns 2, retaliatory headbutt, sense surroundings 1
a: no special abilities


You were on level 2 of the Dungeon.
You visited 1 branch of the dungeon, and saw 2 of its levels.

You collected 47 gold pieces.

Inventory:

Hand Weapons
 a - a +0 vorpal long sword (weapon)
Armour
 b - a +0 scale mail (worn)
 c - a +0 buckler (worn)
Jewellery
 f - a ring of willpower
Scrolls
 e - 2 scrolls of blinking
 h - a scroll of brand weapon
 j - a scroll of immolation
Potions
 d - a potion of might
 l - a potion of mutation


   Skills:
 + Level 3.9 Fighting
 + Level 3.6 Long Blades
 + Level 4.0 Armour
 + Level 0.2 Dodging
 + Level 4.0 Shields


You had 2 spell levels left.
You didn't know any spells.
Your spell library was empty.

Dungeon Overview and Level Annotations

Branches:
Dungeon (2/15)

Altars:


Innate Abilities, Weirdness & Mutations

You have a pair of horns on your head.
You reflexively headbutt those who attack you in melee.
You passively map a small area around you.


Message History

Your Armour skill increases to level 4!
You have reached level 3!
Your experience leads to an increase in your attributes!
Your base attributes are Str 20, Int 5, Dex 9.
Increase (S)trength, (I)ntelligence, or (D)exterity?
You feel agile. x2
The frilled lizard bites you but does no damage.
You see here a +0 club.
You miss the frilled lizard. You block the frilled lizard's attack.
You hit the frilled lizard but do no damage.
The frilled lizard barely misses you. The gnoll hits you with a +0 flail!
You block the gnoll's attack.
You hit the frilled lizard.
You kill the frilled lizard!
The gnoll barely misses you. You furiously retaliate!
You headbutt the gnoll, but do no damage.
The gnoll closely misses you.
An endoplasm comes into view.
The gnoll hits you with a +0 flail. The gnoll hits you with a +0 spear.
You hit the gnoll.
The gnoll is moderately wounded.
The gnoll hits you with a +0 flail. The gnoll barely misses you.
The gnoll hits you but does no damage.
Unknown command.
You slash the gnoll!
You kill the gnoll!
The gnoll hits you with a +0 flail.
You feel your dexterity returning.
Your Shields skill increases to level 4!
The gnoll hits you with a +0 flail.
* * * LOW HITPOINT WARNING * * *
Things that are here:
a +0 spear; a gnoll corpse You hit the endoplasm but do no damage.
The endoplasm hits you but does no damage.
The gnoll hits you with a +0 flail!
* * * LOW HITPOINT WARNING * * *
It was a potion of cancellation.
You feel magically purged. The endoplasm barely misses you.
The gnoll hits you with a +0 flail.
You die...

* * #...# , , ##...## *
, , ....... * .. ,,.....
, ,##.# ####...# #
....... ...#.# *
.......#.#.#.###J.#.#.##
.............#.[@......#
, ,
.......#.#.#.#.#.g#.#...
, .......#.#.#.#).#.#..#
> ..........)†.........
.#.##.#....#.#.........#
,
....[......#.#.#..#.##.#
###......#....#.# # , ,
#<.....#.#.#......
####.........##.## *


You could see a gnoll and an endoplasm.

Vanquished Creatures
  2 gnolls (D:2)
  2 bats (D:1)
  2 endoplasms (D:1)
  A giant cockroach (D:1)
  2 goblins
  4 hobgoblins (D:1)
  A quokka (D:1)
  5 ball pythons
  3 frilled lizards
  3 rats (D:1)
25 creatures vanquished.

Notes
Turn   | Place    | Note
-------+----------+-------------------------------------------
     0 | D:1      | Peloso the Minotaur Fighter began the quest for the Orb.
     0 | D:1      | Reached XP level 1. HP: 19/19 MP: 0/0
   372 | D:1      | Reached XP level 2. HP: 27/27 MP: 1/1
   382 | D:1      | Found a faded altar of an unknown god.
   770 | D:1      | Gained mutation: Potions are less effective at restoring
                  | your health. [potion of mutation]
   770 | D:1      | Lost mutation: Potions are less effective at restoring your
                  | health. [potion of mutation]
   770 | D:1      | Gained mutation: You passively map a small area around you.
                  | [potion of mutation]
   808 | D:2      | Reached XP level 3. HP: 32/33 MP: 2/2
   816 | D:2      | HP: 1/33 [gnoll/+0 flail (7)]
   817 | D:2      | Slain by a gnoll

Illustrated notes

Levels and vault maps discovered:
D:1:      amcnicky_arrival_single_pillar, layout_rooms,
          hellmonk_ecumenical_altar_blasted, minmay_tromino_v2
D:2:      layout_basic

Skill      XL: |  1  2  3 |
---------------+----------+-----
Long Blades    | 3 |  3.6
Armour         | 4 |  4.0
Shields        | 4 |  4.0
Fighting       | |  3.9
Dodging        | |  0.2

Action                   || total
-------------------------++-------
Melee: Long sword        ||    51
       Headbutt          ||     4
  Use: Scroll            ||     4
       Potion            ||     3
Armor: Scale mail        ||    24
Dodge: Dodged            ||    27
Block: Buckler           ||    18
